 Dungeon Crawl Stone Soup version 0.30-a0-570-g486de37d69 (webtiles) character file.

Game seed: 15028966085663142606

717 kipponium the Cudgeller (level 7, -1/48 (56) HPs)
             Began as a Gnoll Reaver on Dec 29, 2022.
             Was a Follower of Ru.
             Slain by Duvessa
             ... wielding a +2 short sword of venom
              (4 damage)
             ... on level 4 of the Dungeon.
             The game lasted 00:12:17 (3727 turns).

kipponium the Cudgeller (Gnoll Reaver)              Turns: 3727, Time: 00:12:17

HP:   -1/48 (56)    AC:  4    Str: 13    XL:     7   Next: 70%
MP:   14/15         EV:  9    Int: 12    God:    Ru [*.....]
Gold: 180           SH:  0    Dex: 17    Spells: 13/17 levels left

rFire   . . .      SeeInvis .    B - +1 dire flail (venom)
rCold   . . .      Faith    .    (shield currently unavailable)
rNeg    . . .      Spirit   .    b - +0 leather armour
rPois   +          Reflect  .    (no helmet)
rElec   .          Harm     .    (no cloak)
rCorr   .          Rampage  .    d - +0 pair of gloves
Will    .....                    (no boots)
Stlth   ++                       (no amulet)
HPRegen 0.28/turn                k - +6 ring of dexterity
MPRegen 0.14/turn                y - ring of poison resistance

@: about to teleport, heavily drained
A: fangs 1, reduced EV 1, strong nose, distributed training
a: Renounce Religion


You were on level 4 of the Dungeon.
You worshipped Ru.
Ru was aware of your devotion.
You visited 1 branch of the dungeon, and saw 4 of its levels.

You collected 213 gold pieces.
You spent 33 gold pieces at shops.

Inventory:

Hand Weapons
 a - a +0 mace
 B - a +1 dire flail of venom (weapon)
Missiles
 j - 11 boomerangs
 w - a poisoned dart (quivered)
Armour
 b - a +0 leather armour (worn)
 d - a +0 pair of gloves (worn)
Jewellery
 k - a +6 ring of dexterity (left hand)
 y - a ring of poison resistance (right hand)
Wands
 v - a wand of paralysis (5)
Scrolls
 c - a scroll of fog {unknown}
 e - a scroll of immolation {unknown}
 g - 8 scrolls of identify {unknown}
 h - a scroll of fear {unknown}
 i - a scroll of enchant weapon {unknown}
 l - a scroll of poison {unknown}
 m - a scroll of noise {unknown}
 n - a scroll of vulnerability {unknown}
 o - a scroll of enchant armour {unknown}
 r - a scroll of blinking {unknown}
 s - a scroll of teleportation
Potions
 f - a potion of might
 p - 2 potions of curing
 q - 2 potions of flight {unknown}
 t - a potion of haste {unknown}
 u - a potion of lignification {unknown}
 x - a potion of invisibility {unknown}
 z - 2 potions of heal wounds {unknown}


   Skills:
 + Level 5.4 Fighting
 + Level 2.7 Short Blades
 + Level 2.7 Long Blades
 + Level 2.7 Axes
 + Level 7.1 Maces & Flails
 + Level 2.7 Polearms
 + Level 2.7 Staves
 + Level 2.7 Ranged Weapons
 + Level 2.7 Throwing
 + Level 2.7 Armour
 + Level 5.4 Dodging
 + Level 2.7 Stealth
 + Level 2.7 Shields
 + Level 2.7 Unarmed Combat
 + Level 5.7 Spellcasting
 + Level 5.9 Conjurations
 + Level 2.2 Hexes
 + Level 2.2 Summonings
 + Level 2.2 Necromancy
 + Level 2.2 Translocations
 + Level 2.2 Transmutations
 + Level 2.2 Fire Magic
 + Level 2.2 Ice Magic
 + Level 2.2 Air Magic
 + Level 2.2 Earth Magic
 + Level 2.2 Poison Magic
 + Level 3.0 Invocations
 + Level 2.7 Evocations


You had 13 spell levels left.
You knew the following spells:

 Your Spells              Type           Power      Damage    Failure   Level
a - Kiss of Death         Conj/Necr      52%        2d9       4%          1
b - Hailstorm             Conj/Ice       13%        3d5       13%         3

Your spell library contained the following spells:

 Spells                   Type           Power      Damage    Failure   Level
 Momentum Strike          Conj/Tloc      26%        3d8       7%          2
 Sandblast                Erth           16%        2d6       10%         1
 Stone Arrow              Conj/Erth      26%        3d8       13%         3
 Passwall                 Tmut/Erth      6%         N/A       14%         2


Dungeon Overview and Level Annotations

Branches:
Dungeon (4/15)             Temple (0/1) D:4

Altars:
Dithmenos
Nemelex Xobeh
Okawaru
Ru

Shops:
D:1 *   D:2 *

Annotations:
D:4 Duvessa


Innate Abilities, Weirdness & Mutations

You have very sharp teeth.
You have somewhat slow reflexes. (EV -5)
Your uncanny sense of smell can sniff out nearby items.
Your experience applies equally to all skills.


Message History

Aim: Duvessa, wielding a +2 short sword of venom and wearing a +0 chain mail (lightly wounded, very poisoned, 73% to hit)
You throw a poisoned dart. The poisoned dart hits Duvessa!
Duvessa looks as sick as possible!
Duvessa is lightly wounded.
Throw: 3 darts (poison)
Press: ? - help, Q - select action, (/) - cycle Shift-Dir - straight line, f - Dowan, p - Duvessa
Aim: Dowan, wielding a +0 dagger and wearing a +0 robe (almost dead, very poisoned, 53% to hit)
You throw a poisoned dart. The poisoned dart misses Dowan.
Throw: 2 darts (poison)
Press: ? - help, Q - select action, (/) - cycle Shift-Dir - straight line, f/p - Dowan
Aim: Dowan, wielding a +0 dagger and wearing a +0 robe (almost dead, very poisoned, 53% to hit)
You throw a poisoned dart. The poisoned dart hits Dowan!
Dowan looks as sick as possible!
Dowan is almost dead.
You kill Dowan!
Duvessa screams, "No!
How DARE you!"
Duvessa goes berserk!
Duvessa rages.
Casting: Hailstorm (dangerous; 13% risk of failure)
Confirm with . or Enter, or press ? or * to list all spells.
Okay, then.
Casting: Hailstorm (dangerous; 13% risk of failure)
Confirm with . or Enter, or press ? or * to list all spells.
Aiming: Kiss of Death (safe; 4% risk of failure)
Press: ? - help, Shift-Dir - straight line, f - Duvessa
Aim: Duvessa, wielding a +2 short sword of venom and wearing a +0 chain mail (moderately wounded, berserk, extremely poisoned, 100% to hit)
The negative energy hits Duvessa.
Duvessa is drained!
Duvessa is heavily wounded.
You feel drained.
Duvessa hits you with a +2 short sword of venom! x2
You are too injured to fight recklessly!
As you read the scroll labelled NIOGOH WESAPN, it crumbles to dust.
You feel strangely unstable.
It was a scroll of teleportation.
Duvessa barely misses you.
You hit Duvessa but do no damage.
Duvessa looks as sick as possible!
Duvessa is heavily wounded.
Duvessa hits you with a +2 short sword of venom!
* * * LOW HITPOINT WARNING * * *
Duvessa hits you with a +2 short sword of venom.
You die...

..>.......# ...#
..........## #...## #.#
...........##
#....##..#
............###....#..#
.............##......#
..............#.....#
...............#...#
............#......#
..........####..@.##
.........## ##..e#
........## #....!...#
.....#...# ##...(....
#..####...# ....)....
#### ##...# ......(..
..... ###.....(( .....
....((( .#.. .......


You could see Duvessa (berserk, extremely poisoned, drained).

Vanquished Creatures
  Eustachio (D:4)
  Edmund (D:4)
  A phantom (D:4)
  Dowan (D:4)
  2 hounds (D:4)
  2 iguanas (D:4)
  Ijyb (D:3)
  4 adders
  8 gnolls
  A worm (D:4)
  2 orcs
  6 ball pythons
  8 endoplasms
  4 giant cockroaches
  12 goblins
  12 hobgoblins
  10 jackals
  5 kobolds
  2 quokkas
  11 bats
  3 frilled lizards (D:2)
  3 rats
100 creatures vanquished.

Notes
Turn   | Place    | Note
-------+----------+-------------------------------------------
     0 | D:1      | kipponium the Gnoll Reaver began the quest for the Orb.
     0 | D:1      | Reached XP level 1. HP: 20/20 MP: 6/6
    57 | D:1      | Found Jav Sul's General Store.
   163 | D:1      | Reached XP level 2. HP: 24/26 MP: 7/7
   286 | D:1      | Reached skill level 5 in Spellcasting
   286 | D:1      | Reached XP level 3. HP: 21/31 MP: 7/9
   432 | D:1      | Reached skill level 1 in Invocations
   891 | D:1      | Bought a potion of curing for 33 gold pieces
   935 | D:2      | Reached skill level 1 in Short Blades
   935 | D:2      | Reached skill level 1 in Long Blades
   935 | D:2      | Reached skill level 1 in Axes
   935 | D:2      | Reached skill level 1 in Polearms
   935 | D:2      | Reached skill level 1 in Staves
   935 | D:2      | Reached skill level 1 in Ranged Weapons
   935 | D:2      | Reached skill level 1 in Throwing
   935 | D:2      | Reached skill level 1 in Armour
   935 | D:2      | Reached skill level 1 in Stealth
   935 | D:2      | Reached skill level 1 in Shields
   935 | D:2      | Reached skill level 1 in Unarmed Combat
   935 | D:2      | Reached skill level 1 in Evocations
  1031 | D:2      | Reached XP level 4. HP: 19/34 MP: 9/11
  1200 | D:2      | Found Miucoij's Assorted Antiques.
  1338 | D:2      | Reached skill level 1 in Hexes
  1338 | D:2      | Reached skill level 1 in Summonings
  1338 | D:2      | Reached skill level 1 in Necromancy
  1338 | D:2      | Reached skill level 1 in Translocations
  1338 | D:2      | Reached skill level 1 in Transmutations
  1338 | D:2      | Reached skill level 1 in Fire Magic
  1338 | D:2      | Reached skill level 1 in Ice Magic
  1338 | D:2      | Reached skill level 1 in Air Magic
  1338 | D:2      | Reached skill level 1 in Earth Magic
  1338 | D:2      | Reached skill level 1 in Poison Magic
  2076 | D:3      | Reached XP level 5. HP: 43/43 MP: 12/12
  2191 | D:3      | Found a sacrificial altar of Ru.
  2200 | D:3      | Became a worshipper of Ru the Awakened
  2846 | D:3      | Noticed Ijyb
  2898 | D:3      | Killed Ijyb
  3017 | D:4      | Found a shadowy altar of Dithmenos.
  3017 | D:4      | Found an iron altar of Okawaru.
  3057 | D:4      | Found a sparkling altar of Nemelex Xobeh.
  3117 | D:4      | Found a staircase to the Ecumenical Temple.
  3125 | D:4      | Reached XP level 6. HP: 49/50 MP: 13/13
  3210 | D:4      | Reached skill level 5 in Fighting
  3210 | D:4      | Reached skill level 5 in Dodging
  3236 | D:4      | Learned a level 3 spell: Hailstorm
  3337 | D:4      | Noticed Edmund
  3353 | D:4      | Killed Edmund
  3431 | D:4      | Reached skill level 7 in Maces & Flails
  3431 | D:4      | Reached XP level 7. HP: 44/56 MP: 15/15
  3493 | D:4      | Gained mutation: You have somewhat slow reflexes. (EV -5)
                  | [Ru sacrifice]
  3493 | D:4      | Reached * piety under Ru
  3628 | D:4      | Noticed Eustachio
  3639 | D:4      | Killed Eustachio
  3712 | D:4      | Noticed Duvessa
  3712 | D:4      | Noticed Dowan
  3724 | D:4      | Killed Dowan
  3727 | D:4      | Slain by Duvessa

Illustrated notes

Levels and vault maps discovered:
D:1:      minmay_arrival_four_circles, layout_loops_ring, serial_shops,
          nicolae_square_shop, st_stairs_10
D:2:      layout_basic, serial_shops, nicolae_shop_window_shopping,
          minmay_quantized
D:3:      layout_basic, nicolae_ru_the_path_less_chosen, uniq_ijyb
D:4:      layout_cave_pods, grunt_temple_overflow_open,
          minmay_temple_entry_mist, minmay_mini_jars, uniq_duvessa, uniq_edmund,
          uniq_eustachio

Skill      XL: |  1  2  3  4  5  6  7 |
---------------+----------------------+-----
Spellcasting   | 5 |  5.7
Invocations    | 1 2 3 |  3.0
Short Blades   | 1 2 |  2.7
Long Blades    | 1 2 |  2.7
Axes           | 1 2 |  2.7
Polearms       | 1 2 |  2.7
Staves         | 1 2 |  2.7
Ranged Weapons | 1 2 |  2.7
Throwing       | 1 2 |  2.7
Armour         | 1 2 |  2.7
Stealth        | 1 2 |  2.7
Shields        | 1 2 |  2.7
Unarmed Combat | 1 2 |  2.7
Evocations     | 1 2 |  2.7
Hexes          | 1 2 |  2.2
Summonings     | 1 2 |  2.2
Necromancy     | 1 2 |  2.2
Translocations | 1 2 |  2.2
Transmutations | 1 2 |  2.2
Fire Magic     | 1 2 |  2.2
Ice Magic      | 1 2 |  2.2
Air Magic      | 1 2 |  2.2
Earth Magic    | 1 2 |  2.2
Poison Magic   | 1 2 |  2.2
Fighting       | 5 |  5.4
Dodging        | 5 |  5.4
Maces & Flails | 7 |  7.1
Conjurations   | |  5.9

Action                   |  1- 3 |  4- 6 |  7- 9 || total
-------------------------+-------+-------+-------++-------
Melee: Mace              |   116 |   140 |       ||   256
       Bite              |    16 |    13 |     2 ||    31
       Punch             |     1 |     4 |       ||     5
       Unarmed           |       |     4 |       ||     4
       Dire flail        |       |    11 |    22 ||    33
Throw: Boomerang         |       |    51 |       ||    51
       Dart              |       |    10 |     8 ||    18
       Javelin           |       |       |     2 ||     2
 Cast: Kiss of Death     |     1 |     1 |     1 ||     3
       Hailstorm         |       |       |     1 ||     1
Invok: Sacrifice Health  |       |       |     1 ||     1
Evoke: Wand              |       |     1 |     1 ||     2
  Use: Scroll            |       |       |     1 ||     1
 Stab: Sleeping          |     1 |     2 |     1 ||     4
       Distracted        |     1 |       |       ||     1
       Confused          |       |     1 |       ||     1
       Paralysed         |       |     6 |     4 ||    10
Armor: Leather armour    |    39 |    43 |     4 ||    86
       Skin              |       |     1 |       ||     1
Dodge: Dodged            |   114 |   147 |    11 ||   272

Table legend: (Time is in decaauts)
 A = Elapsed time spent in this place.
 B = Non-inter-level travel time spent in this place.
 C = Inter-level travel time spent in this place.
 D = Time resting spent in this place.
 E = Time spent auto-exploring this place.
 F = Levels seen in this place.
 G = Mean time per level.
                   A        B        C        D        E       F      G
               +--------+--------+--------+--------+--------+-----+--------+
         Total |   3744 |   3640 |    104 |    380 |   2411 |   4 |  936.0 |
       Dungeon |   3744 |   3640 |    104 |    380 |   2411 |   4 |  936.0 |
               +--------+--------+--------+--------+--------+-----+--------+

Top non-repeatable levels by time:
     D:2: 1143 daAuts
     D:3: 964 daAuts
     D:1: 924 daAuts
     D:4: 712 daAuts
